 Dungeon Crawl Stone Soup version 0.14-a0-2443-g5aee772 (webtiles) character file.

491 RedPan the Cudgeler (level 6, -7/37 HPs)
             Began as a Gargoyle Fighter on Feb 7, 2014.
             Mangled by Edmund
             ... wielding a +2,+1 flail of distortion
              (17 damage)
             ... on Level 4 of the Dungeon.
             The game lasted 00:08:53 (3416 turns).

RedPan the Cudgeler (Gargoyle Fighter)              Turns: 3416, Time: 00:08:53

HP  -7/37        AC 12     Str 26      XL: 6   Next: 55%
MP  15/15        EV 10     Int  9      God:
Gold 153         SH 19     Dex  9      Spells:  0 memorised,  5 levels left

rFire  . . .     SeeInvis .     C - +0,+1 flail (crush)
rCold  . . .     Clarity  .     b - +0 scale mail
rNeg   + . .     Conserve .     c - +0 shield (curse)
rPois  +         rCorr    .     (no helmet)
rElec  +         rRot     +     u - +0 cloak (curse)
SustAb . .       Spirit   .     (no gloves)
rMut   .         Warding  .     (no boots)
Saprov . . .     Stasis   .     (no amulet)
MR     .....                    j - +3 ring of evasion
                                a - ring of magical power

@: invisible (expiring), mighty, very slightly contaminated, not resistant to
hostile enchantments, extremely unstealthy
A: life protection 1, electricity resistance, unbreathing, petrification
resistance, AC +4
a: no special abilities


You were on level 4 of the Dungeon.
You were not hungry.

You visited 1 branch of the dungeon, and saw 4 of its levels.
You visited the Abyss 1 time.

You collected 153 gold pieces.

Inventory:

Hand weapons
 w - a +1,+2 whip of venom
 C - a +0,+1 flail of crushing (weapon)
Armour
 b - a +0 scale mail (worn)
 c - a cursed +0 shield (worn)
 u - a cursed +0 cloak (worn)
Magical devices
 l - a wand of slowing (14)
Comestibles
 d - 5 bread rations
 s - a meat ration
 z - a banana
Scrolls
 e - 2 scrolls of fear {unknown}
 f - a scroll of enchant armour {unknown}
 h - 2 scrolls of teleportation {unknown}
 i - 2 scrolls of immolation {unknown}
 k - a scroll of remove curse {unknown}
 m - a scroll of enchant weapon I
 n - a scroll of curse armour
 o - 3 scrolls of identify
 q - 3 scrolls of magic mapping
 t - a scroll of curse weapon {unknown}
 x - a scroll of amnesia {unknown}
 y - a scroll of fog {unknown}
Jewellery
 a - a ring of magical power (left hand)
 j - a +3 ring of evasion (right hand)
Potions
 g - a potion of lignification
 A - a potion of restore abilities {unknown}
Books
 B - a book of Necromancy

   Spells                             Type                      Level
   Pain                               Necromancy                   1
   Animate Skeleton                   Necromancy                   1
   Lethal Infusion                    Charms/Necromancy            2
   Vampiric Draining                  Necromancy                   3
   Regeneration                       Charms/Necromancy            3
   Animate Dead                       Necromancy                   4
   Control Undead                     Necromancy                   4


   Skills:
 - Level 3.2 Fighting
 + Level 7.4 Maces & Flails
 - Level 3.2 Armour
 - Level 3.2 Shields


You had 5 spell levels left.
You didn't know any spells.

Dungeon Overview and Level Annotations

Branches:
Dungeon (4/16)             Temple (0/1) D:4

Altars:
Dithmengos
Fedhas

Annotations:
D:4 3 exclusions, Edmund


Innate Abilities, Weirdness & Mutations

You are resistant to torment.
You are immune to poison.
Your stone body is very resilient (AC +4).
You resist negative energy.
You are resistant to electric shocks.
You can survive without breathing.
You are immune to petrification.


Message History

It was a potion of might.
Drink which item? (? for menu, Esc to quit)
You fade into invisibility!
It was a potion of invisibility.
You are very lightly contaminated with residual magic.
Drink which item? (? for menu, Esc to quit)
You feel much better.
It was a potion of heal wounds.
Found a corrupted altar of Lugonu.
Found a gateway leading out of the Abyss.
You flicker for a moment.
There is a gateway leading out of the Abyss here.
You pass through the gate.
Welcome back to the Dungeon!
Level annotation: 3 exclusions, Edmund Edmund hits you but does no damage.
Space warps horribly around you!
* * * LOW HITPOINT WARNING * * *
You completely miss Edmund.
Edmund is lightly wounded.
Edmund hits you but does no damage. Space warps horribly around you!
You die...

#.##.### #.# ###.#
#.##.# #.###.#.# #.##.#
###.##.#..### #.##.#
#...........## #.##.#
#............. #.##.#
#..####.#....# #.##.#
#..# #.###..#
#.##.######..####.###.%#
#..>...@@..........##...
###########.#####......#
#.# #....... #.#
#####.## #.#########.##
#...........##
#############


You could see Edmund.

Vanquished Creatures
  A wight (Abyss:1)
  An iguana (D:4)
  A giant frog skeleton (D:4)
  Natasha (D:4)
  A scorpion (D:4)
  A worker ant (D:4)
  4 gnolls (D:3)
  3 adders
  A white imp (Abyss:1)
  2 giant mites (D:3)
  2 worms
  An ufetubus (Abyss:1)
  A giant gecko (D:3)
  An ooze (D:2)
  An orc (D:3)
  2 ball pythons
  7 bats
  2 giant cockroaches
  8 hobgoblins
  8 jackals
  2 quokkas
  4 giant newts
  5 goblins
  7 kobolds
  10 rats
  2 rat skeletons (D:4)
79 creatures vanquished.

Notes
Turn   | Place    | Note
--------------------------------------------------------------
     0 | D:1      | RedPan, the Gargoyle Fighter, began the quest for the Orb.
     0 | D:1      | Reached XP level 1. HP: 14/14 MP: 1/1
   233 | D:1      | Reached XP level 2. HP: 17/19 MP: 2/2
   708 | D:2      | Reached XP level 3. HP: 20/23 MP: 3/3
   774 | D:2      | Found a blossoming altar of Fedhas.
   935 | D:2      | Reached skill level 4 in Maces & Flails
  1460 | D:3      | Reached XP level 4. HP: 24/28 MP: 4/4
  1519 | D:3      | Reached skill level 5 in Maces & Flails
  1686 | D:3      | Reached XP level 5. HP: 32/32 MP: 5/5
  2208 | D:4      | Reached skill level 6 in Maces & Flails
  2402 | D:4      | Noticed Edmund
  2410 | D:4      | Found a staircase to the Ecumenical Temple.
  2664 | D:4      | Reached XP level 6. HP: 33/37 MP: 6/6
  2866 | D:4      | Noticed Natasha
  2884 | D:4      | Killed Natasha
  3151 | D:4      | Reached skill level 7 in Maces & Flails
  3184 | D:3      | Found a shadowy altar of Dithmengos.
  3308 | D:4      | Cast into the Abyss (Edmund)
  3389 | Abyss:1  | Noticed a smoke demon
  3394 | Abyss:1  | Noticed a harpy skeleton
  3406 | Abyss:2  | Found a corrupted altar of Lugonu.
  3415 | D:4      | Escaped the Abyss
  3416 | D:4      | Mangled by Edmund

Action                   |  1- 3 |  4- 6 || total
-------------------------+-------+-------++-------
Melee: Mace              |   123 |    50 ||   173
       Whip              |       |   152 ||   152
       Flail             |       |    10 ||    10
Evoke: Wand              |       |     1 ||     1
  Use: Scroll            |       |     4 ||     4
       Potion            |       |     3 ||     3
